 Dungeon Crawl Stone Soup version 0.29.1-4-g47bece8355 (webtiles) character file.

Game seed: 15711134390600762469

382 Descartes the Magician (level 6, 0/31 (32) HPs)
             Began as a Deep Elf Fire Elementalist on Dec 3, 2022.
             Slain by a necrophage (6 damage)
             ... on level 4 of the Dungeon.
             The game lasted 00:08:17 (3515 turns).

Descartes the Magician (Deep Elf Fire Elementalist) Turns: 3515, Time: 00:08:17

HP:   0/31 (32)     AC:  4    Str:  5    XL:     6   Next: 47%
MP:   13/15         EV: 13    Int: 22    God:
Gold: 204           SH:  4    Dex: 15    Spells: 13/14 levels left

rFire   . . .      SeeInvis +   x - +2 dagger (pain)
rCold   . . .      Faith    .   j - +0 buckler
rNeg    . . .      Spirit   .   a - +0 robe
rPois   .          Reflect  .   (no helmet)
rElec   .          Harm     .   (no cloak)
rCorr   .          Rampage  .   s - +0 pair of gloves
Will    .....                   e - +0 pair of boots
Stlth   +++.......              f - amulet of magic regeneration
HPRegen 0.10/turn               g - ring of see invisible
MPRegen 0.54/turn               (no ring)

@: lightly drained
A: no striking features
a: no special abilities


You were on level 4 of the Dungeon.
You visited 1 branch of the dungeon, and saw 5 of its levels.

You collected 204 gold pieces.

Inventory:

Hand Weapons
 u - a +0 dagger of holy wrath
 x - a +2 dagger of pain (weapon)
 y - a +2 vampiric spear
Missiles
 q - 23 poisoned darts
Armour
 a - a +0 robe (worn)
 e - a +0 pair of boots (worn)
 j - a +0 buckler (worn)
 s - a +0 pair of gloves (worn)
Magical Staves
 n - a staff of death
Jewellery
 f - an amulet of magic regeneration (around neck)
 g - a ring of see invisible (left hand)
Scrolls
 c - a scroll of magic mapping {unknown}
 d - 3 scrolls of identify {unknown}
 r - a scroll of noise {unknown}
 t - a scroll of amnesia {unknown}
 v - a scroll of fear {unknown}
 w - a scroll of fog {unknown}
Potions
 b - a potion of magic
 h - a potion of flight {unknown}
 i - a potion of might {unknown}
 k - a potion of ambrosia {unknown}
 l - 2 potions of lignification {unknown}
 m - a potion of heal wounds {unknown}
 o - a potion of degeneration {unknown}
 p - a potion of mutation {unknown}


   Skills:
 + Level 3.9 Dodging
 + Level 4.2 Stealth
 + Level 1.6 Shields
 + Level 4.7 Spellcasting
 + Level 3.2 Conjurations
 + Level 4.5 Fire Magic


You had 13 spell levels left.
You knew the following spells:

 Your Spells              Type           Power      Damage    Failure   Level
a - Foxfire               Conj/Fire      88%        2x1d8     2%          1

Your spell library contained the following spells:

 Spells                   Type           Power      Damage    Failure   Level
 Scorch                   Fire           50%        2d7       3%          2
 Conjure Flame            Conj/Fire      22%        6-21      9%          3
 Inner Flame              Hex/Fire       15%        N/A       16%         3
 Flame Wave               Conj/Fire      22%        2d8       26%         4
 Summon Cactus Giant      Summ           2%         N/A       100%        6


Dungeon Overview and Level Annotations

Branches:
Dungeon (5/15)
 Temple: D:4-7

Altars:
Kikubaaqudgha
Sif Muna
Vehumet


Message History

The centaur kicks you but does no damage.
Casting: Foxfire (safe; 2% risk of failure)
Confirm with . or Enter, or press ? or * to list all spells.
You conjure some foxfire!
The foxfire hits the necrophage.
The necrophage is moderately damaged.
The foxfire hits the necrophage.
The necrophage is heavily damaged.
The centaur hits you. You block the centaur's attack. The necrophage hits you!
You feel drained.
Casting: Foxfire (safe; 2% risk of failure)
Confirm with . or Enter, or press ? or * to list all spells.
You conjure some foxfire!
The foxfire hits the necrophage.
The necrophage is heavily damaged.
The foxfire hits the centaur.
The centaur is almost dead.
The centaur hits you. The centaur closely misses you.
The necrophage barely misses you. The centaur barely misses you.
The centaur kicks you but does no damage.
Casting: Foxfire (safe; 2% risk of failure)
Confirm with . or Enter, or press ? or * to list all spells.
You conjure some foxfire!
The foxfire hits the centaur but does no damage.
The centaur is almost dead.
The foxfire hits the centaur.
The centaur is almost dead.
The centaur hits you.
* * * LOW HITPOINT WARNING * * *
The centaur barely misses you. The necrophage hits you.
* * * LOW HITPOINT WARNING * * *
Unknown command.
Casting: Foxfire (safe; 2% risk of failure)
Confirm with . or Enter, or press ? or * to list all spells.
You conjure some foxfire!
The foxfire hits the necrophage.
The necrophage is severely damaged.
The foxfire hits the necrophage.
The necrophage is almost destroyed.
The centaur hits you.
* * * LOW HITPOINT WARNING * * *
The centaur closely misses you. The necrophage hits you.
You die...

....#.###..........#
#.......##
...................#
#.#####...
....#........).....# #.#
#### .......##..........#
#.# ....#.###..........# #.#
..>.#.# #..........#####.#
....#.# #######........#.#
.)..#.###.....#cn........#
.))...##.......v@........#
###..##........§§v.......#
#...###.................)#
#.### #..................#
#.#####...........)......###
....g......................#
#.#####..................#.#
#.# #..................#.#
#.# #.........†#######.#.#


You could see a necrophage (ally target) and a centaur.

Vanquished Creatures
  An iguana (D:3)
  5 orc wizards
  9 gnolls
  2 adders
  An ufetubus (D:4)
  A worm (D:2)
  4 dart slugs
  9 orcs (D:3)
  6 ball pythons
  7 endoplasms
  5 giant cockroaches
  7 goblins
  5 hobgoblins
  8 jackals
  7 kobolds
  7 quokkas
  7 bats
  7 frilled lizards
  5 rats
103 creatures vanquished.

Vanquished Creatures (others)
  462 foxfires
462 creatures vanquished.

Grand Total: 565 creatures vanquished

Notes
Turn   | Place    | Note
-------+----------+-------------------------------------------
     0 | D:1      | Descartes the Deep Elf Fire Elementalist began the quest
                  | for the Orb.
     0 | D:1      | Reached XP level 1. HP: 10/10 MP: 6/6
   372 | D:1      | Reached XP level 2. HP: 15/15 MP: 5/8
   616 | D:1      | Reached XP level 3. HP: 19/19 MP: 6/9
   788 | D:1      | Found a faded altar of an unknown god.
  1562 | D:2      | Reached XP level 4. HP: 24/24 MP: 8/11
  1902 | D:3      | Reached skill level 1 in Shields
  1902 | D:3      | Reached XP level 5. HP: 28/28 MP: 13/13
  2694 | D:4      | Reached XP level 6. HP: 29/32 MP: 12/14
  3290 | D:4      | Found a shimmering blue altar of Sif Muna.
  3302 | D:4      | Found an ancient bone altar of Kikubaaqudgha.
  3323 | D:4      | Found a radiant altar of Vehumet.
  3506 | D:5      | Entered Level 5 of the Dungeon
  3515 | D:4      | Slain by a necrophage

Illustrated notes

Levels and vault maps discovered:
D:1:      shiori_arrival_elements, layout_loops_corners, basic_ecumenical_altar
D:2:      layout_basic, chequers_garden
D:3:      layout_loops_ring, grunt_decor_mini_mirrors,
          kennysheep_generic_room_14
D:4:      layout_rooms, palyth_temple_overflow_mages, hangedman_decor_push
D:5:      layout_loops_corners, nicolae_elyvilon_temple_path, temple_doors_cd,
          grunt_ministairs_9, grunt_decor_resistance, uniq_grinder, uniq_edmund,
          uniq_menkaure

Skill      XL: |  1  2  3  4  5  6 |
---------------+-------------------+-----
Stealth        | 3 4 |  4.2
Dodging        | 3 |  3.9
Conjurations   | 2 3 |  3.2
Fire Magic     | 4 |  4.5
Spellcasting   | 4 |  4.7
Shields        | 1 |  1.6

Action                   |  1- 3 |  4- 6 || total
-------------------------+-------+-------++-------
 Cast: Foxfire           |   105 |   165 ||   270
Armor: Robe              |     3 |    14 ||    17
Dodge: Dodged            |     9 |    26 ||    35
Block: Buckler           |       |     7 ||     7
